 Dungeon Crawl Stone Soup version 0.22-a0-824-g1ca9aab89c (webtiles) character file.

122 Holzbalken the Insei (level 5, -1/33 HPs)
             Began as an Octopode Transmuter on July 24, 2018.
             Slain by an ufetubus (5 damage)
             ... summoned by Eustachio
             ... on level 4 of the Dungeon.
             The game lasted 00:08:14 (2587 turns).

Holzbalken the Insei (Octopode Transmuter)          Turns: 2587, Time: 00:08:14

Health: -1/33      AC:  1    Str:  9    XL:     5   Next: 6%
Magic:  9/9        EV: 14    Int: 15    God:
Gold:   167        SH:  0    Dex: 14    Spells: 4/10 levels left

rFire    + . .     SeeInvis .     - Unarmed
rCold    x . .     Gourm    .   (no shield)
rNeg     . . .     Faith    .   (helmet restricted)
rPois    .         Spirit   .   (no amulet)
rElec    .         Reflect  .   f - ring of protection from magic
rCorr    .         Harm     .   j - ring of fire
MR       +....                  (no ring)
Stlth    ++........             (no ring)
HPRegen  0.11/turn              (no ring)
MPRegen  0.11/turn              (no ring)
                                (no ring)
                                (no ring)

@: lethally poisoned (-1 -> -9)
A: almost no armour, stealthy swim, amphibious, 8 rings, constrict 8, camouflage
1, gelatinous body 1
a: no special abilities


You were on level 4 of the Dungeon.
You were not hungry.

You visited 1 branch of the dungeon, and saw 4 of its levels.

You collected 167 gold pieces.

Inventory:

Missiles
 a - 33 arrows
Jewellery
 f - a ring of protection from magic (left tentacle)
 j - a ring of fire (right tentacle)
Scrolls
 e - 5 scrolls of remove curse
 k - a scroll of teleportation
 m - a scroll of blinking
 p - a scroll of immolation
Potions
 h - 2 potions of might
 i - a potion of flight {unknown}
 l - 2 potions of haste
 n - a potion of ambrosia {unknown}
 r - a potion of curing {unknown}
 t - a potion of berserk rage {unknown}
Comestibles
 c - 8 rations
 s - a chunk of flesh


   Skills:
 - Level 1.0 Fighting
 + Level 2.5 Dodging
 + Level 3.4 Unarmed Combat
 * Level 3.0 Spellcasting
 * Level 3.1 Transmutations
 * Level 2.0 Poison Magic


You had 4 spell levels left.
You knew the following spells:

 Your Spells              Type           Power        Failure   Level  Hunger
a - Beastly Appendage     Tmut           ##....       5%          1    #......
b - Sticks to Snakes      Tmut           ##......     9%          2    ##.....
c - Spider Form           Tmut/Pois      ##........   21%         3    ###....

Your spell library contained the following spells:

 Spells                   Type           Power        Failure   Level  Hunger
 Blade Hands              Tmut           ##........   83%         5    ######.
 Ice Form                 Ice/Tmut       #.......     71%         4    #####..


Dungeon Overview and Level Annotations

Branches:
Dungeon (4/15)
 Temple: D:4-7

Altars:

Annotations:
D:4 Eustachio


Innate Abilities, Weirdness & Mutations

You cannot wear most types of armour.
You are very stealthy in the water. (Stealth+)
You are amphibious.
You can wear up to eight rings at the same time.
You can use your tentacles to constrict eight enemies at once.
Your skin changes colour to match your surroundings (Stealth+).
Your rubbery body absorbs attacks. (AC +1, EV +1)


Message History

* * * LOW HITPOINT WARNING * * *
The river rat barely misses you.
Eustachio zaps a wand.
You hear a grinding noise.
You release your grip on the rat.
* * * LOW HITPOINT WARNING * * *
You feel sick. The bat closely misses you. The rat barely misses you.
* * * LOW HITPOINT WARNING * * *
You feel sick. The rat barely misses you. The bat barely misses you.
Eustachio mumbles some strange words.
* * * LOW HITPOINT WARNING * * *
You feel sick. The bat hits you but does no damage. The rat misses you.
The bat closely misses you.
Eustachio twirls his moustache.
Eustachio casts a spell.
Eustachio blinks!
* * * LOW HITPOINT WARNING * * *
You feel sick.
The ufetubus hits you but does no damage.
The ufetubus hits you.
You die...

.# .. .# #. .#
#.###.###
#.##...@
#.##..###...
#.##@5.......
#.#.b####...#
#..#r........
#...r.####..#
#...#...## ###
#.#....>.....
#...
#.#..##...####.#
#.#. .#.#.###.##
#.# #.#. #.##.#
#.# #.# #.#.


You could see Eustachio, a river rat, an ufetubus, a bat and a rat.

Vanquished Creatures
  An orc priest (D:3)
  Jessica (D:2)
  An adder (D:3)
  A worm (D:2)
  2 dart slugs (D:1)
  A leopard gecko (D:2)
  4 orcs (D:3)
  3 giant cockroaches
  5 goblins
  A hobgoblin (D:3)
  3 jackals (D:1)
  9 kobolds
  2 quokkas (D:3)
  7 bats
  6 frilled lizards
  5 rats
52 creatures vanquished.

Vanquished Creatures (collateral kills)
  A ball python (D:3)
  A bat (D:3)
2 creatures vanquished.

Grand Total: 54 creatures vanquished

Notes
Turn   | Place    | Note
-------+----------+-------------------------------------------
     0 | D:1      | Holzbalken the Octopode Transmuter began the quest for the Orb.
     0 | D:1      | Reached XP level 1. HP: 13/13 MP: 3/3
   264 | D:1      | Reached XP level 2. HP: 18/18 MP: 5/5
   762 | D:1      | Reached XP level 3. HP: 19/23 MP: 6/6
   826 | D:1      | Learned a level 2 spell: Sticks to Snakes
   830 | D:1      | Learned a level 3 spell: Spider Form
  1082 | D:2      | Noticed Jessica
  1114 | D:2      | Killed Jessica
  1114 | D:2      | Reached skill level 1 in Poison Magic
  1141 | D:2      | Reached XP level 4. HP: 13/28 MP: 6/8
  2343 | D:3      | Reached XP level 5. HP: 28/33 MP: 9/9
  2565 | D:4      | Noticed Eustachio
  2587 | D:4      | Slain by an ufetubus

Vault maps used:
D:1:      zaba_arrival_water
D:2:      first_ration, minmay_pentomino_z4, uniq_jessica
D:4:      temple_green, uniq_robin, uniq_eustachio

Skill      XL: |  1  2  3  4  5 |
---------------+----------------+-----
Poison Magic   | 1 2 |  2.0
Transmutations | 3 |  3.1
Spellcasting   | 3 |  3.0
Fighting       | |  1.0
Dodging        | |  2.5
Unarmed Combat | |  3.4

Action                   |  1- 3 |  4- 6 || total
-------------------------+-------+-------++-------
Melee: Unarmed           |    64 |    58 ||   122
       Constrict         |    19 |    16 ||    35
       Kick              |     5 |     4 ||     9
       Tentacles         |     9 |    17 ||    26
 Cast: Beastly Appendage |     2 |     2 ||     4
       Sticks to Snakes  |     1 |     2 ||     3
  Use: Scroll            |       |    10 ||    10
 Stab: Sleeping          |     7 |     2 ||     9
  Eat: Chunk             |       |     5 ||     5
Armor: Skin              |     3 |     7 ||    10
Dodge: Dodged            |    43 |    53 ||    96

Table legend:
 A = Spawn XP
 B = Non-spawn XP
 C = Spawn XP percentage of total XP
 D = Spawn monster count
 E = Non-spawn monster count
 F = Spawn count percentage of total count
 G = Total turns spent on level
                    A         B        C        D         E        F      G
               +---------+---------+-------+---------+---------+-------+---------
         Total |       0 |     175 |   0.0 |       0 |      54 |   0.0 |  2587
               +---------+---------+-------+---------+---------+-------+---------
           D:1 |       0 |      35 |   0.0 |       0 |      21 |   0.0 |  1046
           D:2 |       0 |      60 |   0.0 |       0 |      12 |   0.0 |   736
           D:3 |       0 |      79 |   0.0 |       0 |      20 |   0.0 |   718
           D:4 |       0 |       1 |   0.0 |       0 |       1 |   0.0 |    87
               +---------+---------+-------+---------+---------+-------+---------
